 Dungeon Crawl Stone Soup version 0.15.2 (webtiles) character file.

111 Heini the Skirmisher (level 4, 0/41 HPs)
             Began as a Minotaur Fighter on Feb 6, 2015.
             Slain by Edmund
             ... wielding a +0 dire flail
              (2 damage)
             ... on Level 4 of the Dungeon.
             The game lasted 00:03:56 (1591 turns).

Heini the Skirmisher (Minotaur Fighter)             Turns: 1591, Time: 00:03:57

HP   0/41        AC  8     Str 21      XL: 4   Next: 62%
MP   2/2         EV  6     Int  5      God:
Gold 145         SH  9     Dex 10      Spells:  0 memorised,  3 levels left

rFire  . . .     SeeInvis .     a - +0 flail
rCold  . . .     Clarity  .     b - +0 scale mail
rNeg   . . .     rCorr    .     c - +0 shield
rPois  .         rRot     .     (helmet restricted)
rElec  .         Spirit   .     j - +0 cloak (curse)
SustAb .         Warding  .     (no gloves)
rMut   .         Stasis   .     (no boots)
Gourm  .                        (no amulet)
MR     .....                    (no ring)
                                i - ring of regeneration

@: glowing, not resistant to hostile enchantments, extremely unstealthy
A: retaliatory headbutt, horns 2
a: no special abilities


You were on level 4 of the Dungeon.
You were very hungry.

You visited 1 branch of the dungeon, and saw 4 of its levels.

You collected 145 gold pieces.

Inventory:

Hand weapons
 a - a +0 flail (weapon)
Armour
 b - a +0 scale mail (worn)
 c - a +0 shield (worn)
 j - a cursed +0 cloak (worn)
Comestibles
 d - 4 bread rations
 g - 2 meat rations
 r - a royal jelly
Scrolls
 f - 4 scrolls of identify
 h - a scroll of teleportation {unknown}
 k - 3 scrolls of remove curse {unknown}
 l - a scroll of enchant weapon {unknown}
 q - 3 scrolls of noise {unknown}
Jewellery
 i - a ring of regeneration (left hand)
Potions
 e - 2 potions of might
 m - a potion of heal wounds
 n - a potion of agility {unknown}
 p - a potion of mutation {unknown}
Books
 o - a book of Unlife

   Spells                             Type                      Level
   Recall                             Summoning/Translocation      3
   Animate Dead                       Necromancy                   4
   Control Undead                     Necromancy                   4
   Twisted Resurrection               Necromancy                   5
   Death Channel                      Necromancy                   6
   Simulacrum                         Ice/Necromancy               6


   Skills:
 * Level 4.9 Fighting
 * Level 3.7 Maces & Flails
 * Level 4.8 Armour
 - Level 3.6 Shields


You had 3 spell levels left.
You didn't know any spells.

Dungeon Overview and Level Annotations

Branches:
Dungeon (4/15)
 Temple: D:4-7

Altars:
Xom

Annotations:
D:2 Sigmund
D:4 Dowan, Duvessa, Edmund


Innate Abilities, Weirdness & Mutations

You reflexively headbutt those who attack you in melee.
You have a pair of horns on your head.


Message History

Dowan hits you with a dagger. Dowan gestures at you while chanting.
The puff of flame hits you! You block Duvessa's attack.
You closely miss Dowan.
Dowan is heavily wounded.
Edmund hits you with a dire flail. You block Dowan's attack.
You block Duvessa's attack. Edmund hits you but does no damage.
You hit Dowan.
Dowan is heavily wounded.
Dowan casts a spell at you. The puff of flame hits you!
* * * LOW HITPOINT WARNING * * *
Duvessa hits you with a short sword.
* * * LOW HITPOINT WARNING * * *
Edmund hits you with a dire flail!
* * * LOW HITPOINT WARNING * * *
Dowan points at you and mumbles some strange words.
You are outlined in light.
You block Duvessa's attack. Edmund hits you with a dire flail.
You die...

###### #.
###......
.#..####.e.......
........e(K.......
.#####..@@.......
#...<........
#?...........
##..........
##.........
##......##
###...## ####


You could see Edmund, Duvessa, Dowan and a kobold.

Vanquished Creatures
  An ogre skeleton (D:3)
  4 adders (D:3)
  A worm (D:2)
  A giant gecko (D:2)
  An ooze (D:2)
  2 orcs (D:3)
  2 ball pythons
  6 bats
  4 hobgoblins
  10 jackals
  3 giant newts
  2 goblins (D:1)
  5 kobolds
  A quokka (D:3)
  6 rats
49 creatures vanquished.

Notes
Turn   | Place    | Note
--------------------------------------------------------------
     0 | D:1      | Heini, the Minotaur Fighter, began the quest for the Orb.
     0 | D:1      | Reached XP level 1. HP: 19/19 MP: 1/1
   184 | D:1      | Reached skill level 4 in Fighting
   279 | D:1      | Reached XP level 2. HP: 21/27 MP: 1/1
   618 | D:2      | Reached XP level 3. HP: 25/34 MP: 2/2
   718 | D:2      | Found a shimmering altar of Xom.
   733 | D:2      | Noticed Sigmund
   819 | D:3      | Reached XP level 4. HP: 32/41 MP: 2/2
  1582 | D:4      | Noticed Duvessa
  1582 | D:4      | Noticed Dowan
  1582 | D:4      | Noticed Edmund
  1590 | D:4      | HP: 1/41 [Edmund/dire flail (7)]
  1591 | D:4      | Slain by Edmund

Action                   |  1- 3 |  4- 6 || total
-------------------------+-------+-------++-------
Melee: Flail             |    81 |    51 ||   132
  Use: Scroll            |       |     2 ||     2
  Eat: Chunk             |       |     1 ||     1
